 Dungeon Crawl Stone Soup version 0.30-a0-1008-g30c9307041 (webtiles) character file.

Game seed: 13413711250745463354

2965 Denapoli the Blocker (level 10, -4/80 HPs)
             Began as a Formicid Fighter on Apr 5, 2023.
             Was a Believer of Okawaru.
             Slain by a vampire mosquito (10 damage)
             ... on level 8 of the Dungeon.
             The game lasted 00:26:20 (7087 turns).

Denapoli the Blocker (Formicid Fighter)             Turns: 7087, Time: 00:26:20

Health: -4/80      AC:  9    Str: 29    XL:     10   Next: 8%
Magic:  10/10      EV: 11    Int:  7    God:    Okawaru [**....]
Gold:   198        SH:  0    Dex: 11    Spells: 9/9 levels left

rFire   + . .      SeeInvis +    d - +7 triple sword of Honour {heavy, rElec Will+}
rCold   . . .      Faith    +    c - +0 buckler
rNeg    . . .      Spirit   .    r - +2 robe of Articulation {-Tele Rampage Str+3}
rPois   .          Reflect  .    (helmet unavailable)
rElec   +          Rampage  +    o - +1 cloak
rCorr   .                        i - +0 pair of gloves
Will    ++...                    h - +0 pair of boots
Stlth   +                        v - amulet of faith
HPRegen 0.33/turn                j - ring of protection from fire
MPRegen 0.12/turn                (no ring)

@: confused, ambrosia-drunk
A: permanent stasis, dig shafts and tunnels, antennae 3, four strong arms,
clumsy 1, sense surroundings 1, screaming 1, MP-powered wands
a: Dig, Shaft Self, Renounce Religion, Heroism


You were on level 8 of the Dungeon.
You worshipped Okawaru.
Okawaru was pleased with you.
You visited 2 branches of the dungeon, and saw 9 of its levels.
You also visited: Sewer.

You collected 308 gold pieces.
You spent 110 gold pieces at shops.

Inventory:

Hand Weapons
 a - a +1 long sword
 d - the +7 triple sword of Honour (weapon) {heavy, rElec Will+}
   (You acquired it on level 7 of the Dungeon)

   rElec:     It insulates you from electricity.
   Will:      It increases your willpower.
 k - a +1 dagger of holy wrath
 m - a +4 quarterstaff of chaos
 G - a +1 vampiric long sword
Armour
 c - a +0 buckler (worn)
 e - a +0 chain mail
 h - a +0 pair of boots (worn)
 i - a +0 pair of gloves (worn)
 o - a +1 cloak (worn)
 q - a +0 pair of boots
 r - the +2 robe of Articulation (worn) {-Tele Rampage Str+3}
   (You found it on level 3 of the Dungeon)

   Str:       It affects your strength (+3).
   -Tele:     It prevents most forms of teleportation.
   Rampage:   It bestows one free step when moving towards enemies.
Magical Staves
 g - a staff of fire
 u - a staff of poison
Jewellery
 j - a ring of protection from fire (left hand)
 v - an amulet of faith (around neck)
Wands
 t - a wand of charming (6)
 B - a wand of polymorph (3)
Scrolls
 n - 3 scrolls of teleportation
 y - a scroll of fear
 D - a scroll of magic mapping
 F - a scroll of torment
Potions
 b - a potion of degeneration
 f - a potion of flight
 l - 3 potions of brilliance
 s - 2 potions of cancellation {unknown}
 w - 2 potions of ambrosia
 x - 2 potions of resistance {unknown}
 z - 2 potions of magic {unknown}
 A - a potion of attraction {unknown}
 C - a potion of haste {unknown}


   Skills:
 - Level 7.6 Fighting
 * Level 7.9 Long Blades
 - Level 7.6 Armour
 - Level 9.2 Shields


You had 9 spell levels left.
You didn't know any spells.
Your spell library contained the following spells:

 Spells                   Type           Power      Damage    Failure   Level
 Dazzling Flash           Conj/Hex       0%         N/A       85%         3
 Volatile Blastmotes      Fire/Tloc      0%         2d10      85%         3
 Iskenderun's Mystic Bla  Conj/Tloc      0%         2d3       99%         4
 Leda's Liquefaction      Hex/Erth       0%         N/A       99%         4
 Lee's Rapid Deconstruct  Erth           0%         3d4*      100%        5
 Starburst                Conj/Fire      0%         6d3       100%        6
 Statue Form              Tmut/Erth      0%         N/A       100%        6


Dungeon Overview and Level Annotations

Branches:
Dungeon (8/15)             Temple (1/1) D:6           Sewer (visited)
   Lair: D:8-11

Altars:
Ashenzari
Cheibriados
Dithmenos
Elyvilon
Fedhas
Gozag
Hepliaklqana
Kikubaaqudgha
Makhleb
Nemelex Xobeh
Okawaru
Qazlal
Sif Muna
Trog
Uskayaw
Vehumet
Wu Jian
Yredelemnul
The Shining One

Shops:
D:3 *

Annotations:
D:4 Pikel


Innate Abilities, Weirdness & Mutations

You cannot be hasted, slowed, berserked, paralysed or teleported.
You can dig through walls and to a lower floor.
You have a pair of large antennae on your head. (SInv)
Your four strong arms can wield two-handed weapons with a shield.
You are clumsy. (Dex -2)
You passively map a small area around you.
You occasionally shout uncontrollably at your foes.
You expend magic power (3 MP) to strengthen your wands.


Message History

* * * LOW HITPOINT WARNING * * *
The vampire mosquito draws strength from your injuries!
You closely miss the vampire mosquito.
You block the vampire mosquito's attack.
The vampire mosquito barely misses you. The vampire mosquito bites you!
* * * LOW HITPOINT WARNING * * *
The vampire mosquito draws strength from your injuries!
The vampire mosquito bites you!
* * * LOW HITPOINT WARNING * * *
The vampire mosquito draws strength from your injuries!
Aiming: Polymorph
Press: ? - help, Q - select action, (/) - cycle Shift-Dir - straight line, f - vampire mosquito
Aim: a vampire mosquito (not susceptible)
You feel a surge of power!
The vampire mosquito is unaffected.
You block the vampire mosquito's attack.
The vampire mosquito bites you but does no damage.
Aiming: Polymorph
Press: ? - help, Q - select action, (/) - cycle Shift-Dir - straight line, f/p - vampire mosquito
Aim: a vampire mosquito (not susceptible)
You feel a surge of power!
The vampire mosquito is unaffected.
The vampire mosquito bites you but does no damage.
The vampire mosquito misses you.
Aiming: Polymorph
Press: ? - help, Q - select action, (/) - cycle Shift-Dir - straight line, f/p - vampire mosquito
Aim: a vampire mosquito (not susceptible)
You feel a slight surge of power.
The vampire mosquito is unaffected.
The vampire mosquito barely misses you.
You block the vampire mosquito's attack.
It was a potion of ambrosia.
You are confused.
You feel invigorated. The vampire mosquito bites you.
* * * LOW HITPOINT WARNING * * *
The vampire mosquito draws strength from your injuries!
The vampire mosquito bites you but does no damage.
You bump into the rock wall.
The vampire mosquito barely misses you. The vampire mosquito bites you.
* * * LOW HITPOINT WARNING * * *
The vampire mosquito draws strength from your injuries!
You bump into the rock wall.
The vampire mosquito bites you!
You die...

*## * * .. , ,
################.#
* * *
#.<..).....†..@y.#
##################
* , , , * *** *
*,* * *


You could see a vampire mosquito.

Vanquished Creatures
  A kobold demonologist (D:7)
  Eustachio (D:5)
  3 vampire mosquitoes (D:8)
  2 water moccasins (D:7)
  3 orc warriors
  2 ice beasts (D:7)
  A sky beast (D:7)
  A black bear (D:6)
  2 ogres
  A centaur (D:7)
  A phantom (D:6)
  2 kobold brigands (Sewer)
  2 scorpions (D:5)
  3 howler monkeys
  3 orc priests
  A jelly (D:6)
  4 hounds
  3 iguanas
  Crazy Yiuf (D:4)
  5 orc wizards
  Robin (D:2)
  2 adders
  2 white imps
  2 worms
  A dart slug (D:1)
  16 orcs
  5 endoplasms
  A giant cockroach (D:1)
  15 goblins
  5 hobgoblins
  7 quokkas
  10 ball pythons
  10 bats
  8 frilled lizards
  19 kobolds
  9 rats
155 creatures vanquished.

Vanquished Creatures (others)
  24 plants
24 creatures vanquished.

Grand Total: 179 creatures vanquished

Notes
Turn   | Place    | Note
-------+----------+-------------------------------------------
     0 | D:1      | Denapoli the Formicid Fighter began the quest for the Orb.
     0 | D:1      | Reached XP level 1. HP: 18/18 MP: 1/1
   164 | D:1      | Reached XP level 2. HP: 23/24 MP: 2/2
   378 | D:1      | Found a faded altar of an unknown god.
   491 | D:1      | Reached XP level 3. HP: 29/29 MP: 3/3
   953 | D:2      | Noticed Robin
   996 | D:2      | Killed Robin
   997 | D:2      | Reached XP level 4. HP: 23/35 MP: 4/4
  1486 | D:3      | Identified the +2 robe of Articulation {-Tele Rampage
                  | Str+3}
  1531 | D:3      | Found Ceurr's Assorted Antiques.
  2087 | D:3      | Bought a blackened beryl amulet for 110 gold pieces
  2106 | D:4      | Noticed Pikel
  2106 | D:4      | Noticed a lemure
  2106 | D:4      | Noticed a lemure
  2106 | D:4      | Noticed a lemure
  2106 | D:4      | Noticed a lemure
  2416 | D:4      | Found a runed translucent door.
  2417 | D:4      | Noticed Crazy Yiuf
  2427 | D:4      | Killed Crazy Yiuf
  2428 | D:4      | Reached skill level 5 in Shields
  2428 | D:4      | Reached XP level 5. HP: 33/42 MP: 5/5
  2459 | D:5      | Entered Level 5 of the Dungeon
  2568 | D:5      | Noticed an ogre
  2617 | D:5      | Killed an ogre
  2618 | D:5      | Reached XP level 6. HP: 49/49 MP: 6/6
  2682 | D:5      | Found a snail-covered altar of Cheibriados.
  2684 | D:5      | Found a blossoming altar of Fedhas.
  2693 | D:5      | Found an ancient bone altar of Kikubaaqudgha.
  2697 | D:5      | Found a hide-covered altar of Uskayaw.
  2700 | D:5      | Found a sparkling altar of Nemelex Xobeh.
  2705 | D:5      | Found an ornate altar of the Wu Jian Council.
  2779 | D:5      | Noticed Eustachio
  2914 | D:5      | Reached XP level 7. HP: 43/55 MP: 7/7
  3012 | D:5      | Found a glowing drain.
  3029 | Sewer    | Entered a sewer
  3115 | Sewer    | Reached skill level 6 in Shields
  3257 | Sewer    | Reached skill level 5 in Armour
  3265 | Sewer    | Reached skill level 5 in Fighting
  4156 | D:5      | Killed Eustachio
  4157 | D:5      | Reached XP level 8. HP: 63/63 MP: 8/8
  4304 | D:6      | Gained mutation: You are clumsy. (Dex -2) [potion of
                  | mutation]
  4304 | D:6      | Gained mutation: You occasionally shout uncontrollably at
                  | your foes. [potion of mutation]
  4304 | D:6      | Gained mutation: You passively map a small area around you.
                  | [potion of mutation]
  4304 | D:6      | Gained mutation: You expend magic power (3 MP) to
                  | strengthen your wands. [potion of mutation]
  4426 | D:6      | Reached skill level 7 in Shields
  4504 | D:6      | Found a staircase to the Ecumenical Temple.
  4516 | Temple   | Entered the Ecumenical Temple
  4808 | Temple   | Became a worshipper of Warmaster Okawaru
  5026 | D:6      | Reached skill level 5 in Long Blades
  5046 | D:6      | Reached * piety under Okawaru
  5404 | D:6      | Reached XP level 9. HP: 46/71 MP: 7/9
  5422 | D:6      | Reached skill level 8 in Shields
  5651 | D:7      | Noticed a kobold demonologist
  5675 | D:7      | Killed a kobold demonologist
  6057 | D:7      | Reached ** piety under Okawaru
  6362 | D:7      | Reached skill level 9 in Shields
  6578 | D:7      | Identified a scroll of acquirement
  6580 | D:7      | Acquired the +7 triple sword of Honour {heavy, rElec Will+}
  7071 | D:8      | Reached XP level 10. HP: 70/80 MP: 7/10
  7081 | D:8      | HP: 2/80 [vampire mosquito (8)]
  7086 | D:8      | HP: 3/80 [vampire mosquito (5)]
  7087 | D:8      | Slain by a vampire mosquito

Illustrated notes

Levels and vault maps discovered:
D:1:      eino_arrival_cavern_e, layout_basic, nicolae_ecumenical_snake_handling
D:2:      layout_basic, uniq_robin
D:3:      layout_basic, serial_shops, shop
D:4:      minmay_polygon_palace, layout_loops_ring, minmay_misc_feat_room,
          minmay_ruptured, uniq_pikel, uniq_duvessa, uniq_crazy_yiuf_cottage
D:5:      layout_layer_cave, nicolae_overflow_hallway_of_the_gods,
          gup_sewer_entry_bubbles, dreamdust_princess_corridor, uniq_eustachio
D:6:      layout_basic, minmay_temple_entry_slanted, serial_bayou_pond_c
D:7:      layout_loops_ring, serial_co_window_serial, co_window_corner_a,
          co_window_corner_a, co_window_paths_a, co_window_of_opportunity_a,
          co_window_paths_a, co_window_broadway_a, co_window_unsneaky_path_b,
          co_window_of_opportunity_b, glass_columns_b, glass_columns_a,
          glass_columns_b, glass_columns_a, grunt_decor_one_mirror
D:8:      layout_basic, uniq_gastronok
Temple:   oiseaux_autumnal_temple

Skill      XL: |  1  2  3  4  5  6  7  8  9 |
---------------+----------------------------+-----
Armour         | 4 5 6 7 |  7.6
Fighting       | 4 5 6 7 |  7.6
Shields        | 5 6 7 9 |  9.2
Long Blades    | 3 4 5 7 |  7.9

Action                     |  1- 3 |  4- 6 |  7- 9 | 10-12 || total
---------------------------+-------+-------+-------+-------++-------
  Melee: Long sword        |   124 |   110 |   411 |       ||   645
         Triple sword      |       |       |    13 |    10 ||    23
 Invoke: Heroism           |       |       |     5 |       ||     5
Ability: Dig               |     3 |     4 |     4 |       ||    11
  Evoke: Wand              |       |     2 |     6 |     3 ||    11
    Use: Scroll            |     3 |     8 |     6 |       ||    17
         Potion            |     2 |     4 |     5 |     2 ||    13
   Stab: Invisible         |     3 |       |     4 |       ||     7
         Sleeping          |       |     3 |     2 |       ||     5
 Armour: Chain mail        |    94 |    12 |       |       ||   106
         Robe              |       |    42 |   149 |     7 ||   198
  Dodge: Dodged            |    66 |    57 |   213 |    18 ||   354
  Block: Buckler           |    51 |    30 |   114 |     8 ||   203

Table legend: (Time is in decaauts)
 A = Elapsed time spent in this place.
 B = Non-inter-level travel time spent in this place.
 C = Inter-level travel time spent in this place.
 D = Time resting spent in this place.
 E = Time spent auto-exploring this place.
 F = Levels seen in this place.
 G = Mean time per level.
                   A        B        C        D        E       F      G
               +--------+--------+--------+--------+--------+-----+--------+
         Total |   7307 |   6842 |    465 |     37 |   5180 |  10 |  730.7 |
       Dungeon |   6554 |   6128 |    426 |     37 |   4650 |   8 |  819.2 |
        Temple |    332 |    293 |     39 |      0 |    278 |   1 |  332.0 |
         Sewer |    421 |    421 |      0 |      0 |    251 |   1 |  421.0 |
               +--------+--------+--------+--------+--------+-----+--------+

Top non-repeatable levels by time:
     D:5: 1490 daAuts
     D:7: 1347 daAuts
     D:6: 1050 daAuts
     D:1: 846 daAuts
     D:3: 716 daAuts
     D:2: 632 daAuts
   Sewer: 421 daAuts
  Temple: 332 daAuts
     D:4: 321 daAuts
     D:8: 149 daAuts
